Map: Ascension to Aiur LE

Players

Vyl

  • Race: Zerg Zerg
  • League: Silver
  • Spawn Location: 5:00

Yata - Winner!

  • Race: Zerg Zerg
  • League: Gold
  • Spawn Location: 11:00

VOD

Have the link to the VOD?

Description

Time

  • Played on: Sept. 7, 2017, 9:29 p.m.
  • Length: 9:52
Show
View Real Time Build Order
Export as new Build Order

Vyl Zerg 

Build Orders: Hatch First 

Get SALT Encoding   

  12  0:01  Drone  
  13  0:08  Drone  
  14  0:16  Overlord  
  14  0:24  Extractor, Drone  
  15  0:35  Drone x2  
  17  0:46  Drone  
  18  0:57  Hatchery  
  18  1:01  Drone  
  18  1:14  Spawning Pool  
  18  1:15  Drone  
  18  1:20  Extractor  
  18  1:21  Drone  
  18  1:29  Drone  
  20  1:40  Drone  
  20  1:52  Overlord  
  20  2:02  Roach Warren, Queen  
  20  2:04  Drone  
  22  2:09  Drone  
  22  2:10  Queen  
  22  2:13  Drone  
  26  2:21  Drone  
  26  2:22  Drone  
  28  2:33  Drone x2  
  30  2:44  Drone  
  30  2:45  Drone  
  30  2:46  Queen  
  34  2:53  Roach  
  34  2:55  Overlord  
  36  3:01  Extractor  
  36  3:03  Zergling x2  
  36  3:13  Overlord x2  
  36  3:28  Overlord x2  
  36  3:31  Drone  
  36  3:32  Drone x4  
  41  3:48  Roach x3  
  47  3:53  Drone  
  48  3:56  Extractor  
  48  4:02  Drone x4  
  51  4:05  Ravager  
  51  4:09  Roach  
  54  4:18  Roach x2, Extractor  
  57  4:25  Ravager x3  
  60  4:32  Hatchery  
  60  4:33  Drone x2  
  60  4:34  Drone  
  60  4:35  Drone x2  
  64  4:58  Drone x2  
  64  4:59  Overlord x3, Drone x2  
  61  5:36  Zergling x10  
  61  5:37  Roach x2  
  70  5:44  Drone  
  70  5:45  Queen  
  67  6:00  Roach x3  
  67  6:01  Roach x4  
  75  6:07  Ravager  
  75  6:08  Ravager  
  78  6:11  Drone x2  
  78  6:17  Extractor, Lair  
  78  6:20  Metabolic Boost  
  78  6:24  Overlord  
  78  6:25  Overlord x2  
  78  6:27  Roach x2  
  78  6:28  Roach  
  84  6:40  Roach x2  
  84  6:41  Roach x2  
  92  6:47  Drone x3  
  95  7:01  Hatchery  
  94  7:13  Roach x3  
  94  7:14  Roach x6  
  99  7:24  Zergling x6  
  99  7:25  Zergling x6  
  99  7:28  Baneling Nest  
  100  7:44  Roach x5  
  108  7:45  Glial Reconstitution  
  110  7:51  Evolution Chamber  
  110  7:52  Evolution Chamber  
  110  7:56  Drone x2  
  110  7:57  Hydralisk Den, Drone x3  
  104  8:08  Zergling x6  
  88  8:15  Ravager x2  
  88  8:16  Ravager x2, Baneling  
  88  8:17  Baneling x5  
  88  8:18  Centrifical Hooks  
  88  8:20  Drone x4  
  88  8:21  Drone x2  
  88  8:25  Drone x4  
  88  8:42  Hydralisk x7  
  88  8:43  Hydralisk x3  
  88  8:46  Overlord  
  106  9:00  Roach x3, Hydralisk x4  
  106  9:01  Hydralisk  
  120  9:07  Drone  
  121  9:10  Extractor  
  121  9:11  Hydralisk x3  
  121  9:12  Extractor  
  116  9:18  Zergling x4  
  116  9:19  Zergling x6  
  102  9:25  Roach x2  
  102  9:26  Roach  
Show
View Real Time Build Order
Export as new Build Order

Yata Zerg - Winner!

Build Orders: Hatch First 

Get SALT Encoding   

  12  0:01  Drone  
  13  0:12  Overlord  
  13  0:19  Drone  
  14  0:30  Drone  
  14  0:31  Drone  
  14  0:34  Drone  
  17  0:54  Hatchery  
  16  0:57  Drone  
  16  1:02  Drone  
  18  1:11  Extractor  
  18  1:16  Spawning Pool  
  16  1:18  Drone  
  16  1:21  Drone  
  18  1:28  Drone  
  19  1:39  Overlord  
  19  1:49  Drone  
  20  2:00  Drone  
  21  2:03  Queen  
  21  2:05  Queen  
  25  2:11  Zergling x4  
  25  2:13  Metabolic Boost  
  27  2:16  Drone  
  28  2:27  Overlord  
  28  2:28  Overlord  
  28  2:46  Baneling Nest  
  27  2:56  Drone x3  
  27  2:57  Drone x2  
  32  3:15  Drone x5  
  32  3:16  Drone x4  
  41  3:28  Roach Warren  
  41  3:30  Extractor  
  41  3:31  Extractor  
  41  3:32  Extractor  
  37  3:36  Queen  
  39  3:48  Overlord  
  39  3:52  Hatchery  
  38  4:07  Drone  
  38  4:08  Drone x5  
  44  4:10  Overlord  
  44  4:20  Evolution Chamber  
  43  4:28  Lair  
  43  4:30  Roach  
  45  4:32  Roach  
  47  4:43  Drone x3  
  47  4:44  Drone  
  49  4:48  Roach  
  49  4:52  Overlord x2  
  51  5:02  Spine Crawler  
  50  5:08  Roach x3  
  48  5:30  Roach  
  48  5:31  Roach x5  
  56  5:48  Roach x7  
  70  5:56  Queen  
  68  6:03  Spore Crawler  
  67  6:04  Spore Crawler  
  66  6:13  Queen  
  68  6:21  Zerg Missile Weapons Level 1  
  68  6:23  Glial Reconstitution  
  68  6:26  Overlord  
  68  6:31  Queen  
  70  6:39  Drone  
  71  6:40  Drone x3  
  74  6:48  Roach x4  
  82  7:04  Overlord x3  
  82  7:05  Overlord x2  
  74  7:23  Roach  
  74  7:24  Roach x6  
  88  7:35  Roach  
  88  7:36  Roach x4  
  98  7:40  Roach  
  98  7:41  Roach  
  100  7:46  Drone x3  
  100  7:47  Drone  
  96  8:06  Roach x7  
  110  8:16  Roach x5  
  120  8:28  Drone x2  
  120  8:29  Drone  
  117  8:43  Zergling x10  
  117  8:47  Overlord x3  
  118  9:22  Spore Crawler  
  115  9:26  Hydralisk Den  
Tags
 
Add a new tag
Caveats
  • Supply blocks, unpowered buildings, or Contaminate may cause inaccurate times.
  • Supply counts are checked every 10 seconds.